Workbook

Sheet SALARIATI
B1: Composizione UR (unità di riferimento)
B2: AdultI | C2: 2
B3: Giovani adulti | C3: 0
B4: Minorenni | C4: 0
A6: RL | B6: Reddito lordo UR (unità di riferimento) | C6: 100000
A7: VLOC | B7: Valore locativo | C7: 0
A8: SPIMMO | B8: Spese di manutenzione dell'immobile | C8: =IF($C$7="","",$C$7*0.15) -> 0
A9: CS | B9: Contributi sociali (AVS, AI, IPG, AD, AINP, LPP) | C9: =IF($C$6="","",$C$6*DATI!$B$1) -> -13000
A10: SPPROF | B10: Spese professionali (max 4'000 per UR) | C10: =IF($C$6="","",DATI!$B$3) -> -4000
A11: ALIM | B11: Pensioni alimentari | C11: =IF($C$6="","",DATI!$B$4) -> -
A12: RD | B12: REDDITO DISPONIBILE (RL + VLOC + SPIMMO - CS - SPPROF - ALIM) | C12: =IF(C6="","",SUM(C6:C11)) -> 83000
A14: SOST | B14: Sostanza netta | C14: 200000
A15: QSOST | B15: Quota sostanza netta (1/15) | C15: =IF($C$14="","",$C$14*1/15) -> 13333.333
A16: SPINT | B16: Spesa per interessi (max 3'000 per UR) | C16: =IF(C14="","",IF(C14*1.5/100>3000,3000,C14*1.5/100*-1)) -> -3000
A17: RDI | B17: REDDITO DISPONIBILE INTEGRATO (RD + QSOST - SPINT) | C17: =IF(C6="","",C12+C15+C16) -> 93333.333
B19: Premio medio di cassa malati 2024 dell'UR
B20: AdultI | C20: =IF(C2="","",C2*DATI!B5) -> 14144
B21: Giovani adulti | C21: =IF(C3="","",C3*DATI!B6) -> 0
B22: Minorenni | C22: =IF(C4="","",C4*DATI!B7) -> 0
A24: OMAX | B24: Onere massimo annuale per premi di cassa malati (10% RDI) | C24: =IF(C17="","",C17*0.1) -> 9333.3333
A25: PMR | B25: TOTALE premi di cassa malati 2024 UR | C25: =SUM(C20:C22) -> 14144
B27: SUSSIDIO ANNUO da iniziativa 10% (DIFFERENZA PMR - OMAX) | C27: =IF(C24="","",C25-C24) -> 4810.6667
B28: Sussidio attuale RIPAM | C28: ='calcolo RIPAM'!E9*-1 -> -3249.9905
B29: Ulteriore sussidio annuo da iniziativa 10% | C29: =IF(C27="","",IF(C27+C28<0,0,C27+C28)) -> 1560.6762

Sheet calcolo RIPAM
B1: Redditi disponibili massimi (RDM), anno 2024, in CHF | D1: SALARIATO
A2: Persona sola | B2: 34546 | D2: PMR | E2: =SALARIATI!C25 -> 14144
A3: Persona sola con un figlio | B3: 75984 | D3: RDM | E3: 94674
A4: Persona sola con due figli | B4: 92983 | D4: RDM | E4: =E3 -> 94674
A5: Persona sola con tre figli | B5: 105076 | D5: RD | E5: =SALARIATI!C17-SALARIATI!C25 -> 79189.333
A6: Coppia senza figli | B6: 51560 | D6: RD | E6: =E5 -> 79189.333
A7: Coppia con un figlio | B7: 94674 | D7: IMPNOR | E7: =E2-(E2/E3/E4*E5*E6) -> 4248.3536
A8: Coppia con due figli | B8: 107022 | D8: CCF | E8: 0.765
A9: Coppia con tre figli | B9: 118808 | D9: IMPEFF | E9: =IF(E7<0,0,E7*E8) -> 3249.9905

Sheet INFO
A1: Reddito lordo secondo l'articolo 16 Legge tributaria (LT) | B1: 1Sono imponibili tutti i proventi di un’attività dipendente, retta dal diritto privato o pubblico, compresi i proventi accessori, quali indennità per prestazioni straordinarie, provvigioni, assegni, premi di anzianità, gratificazioni, mance, tantièmes, vantaggi valutabili in denaro risultanti da partecipazioni di collaboratore e altri vantaggi valutabili in denaro
A2: Il REDDITO LORDO per il calcolo della RIPAM (RIduzione dei Premi Assicurazione Malattia) | B2: Il REDDITO LORDO per il calcolo della RIPAM è dato dalla somma di TUTTI i redditi (compreso il valore locativo) a cui si aggiungono anche le SPESE PER LA MANUTENZIONE DEGLI IMMOBILI. In buona sostanza: dal MODULO 1 dell'annuale DICHIARAZIONE DELLE IMPOSTE si prende il dato che figura, ultima riga della SECONDA PAGINA, al punto 8 Totale dei redditi, casella 178 e si AGGIUNGE l'importo che, eventualmente, è stato inserito poche righe sopra nella casella 730 (corrispondente al punto 5.5 ./. Spese di manutenzione immobili)
A3: Spese di manutenzione immobili | B3: Nel modello di calcolo viene applicato il metodo FORFETTARIO, pari al 10% del valore locativo per gli immobili di costruzione più recente (cioè meno di 10 anni), e al 20% del valore locativo per quelli più datati (cioè edificati prima del 2015). Per comodità si applica una via di mezzo: il 15% del valore locativo
A5: Contributi sociali obbligatori (AVS, AI, IPG, AD, AINP, LPP) | B5: Per la RIPAM fa stato l'ammontare riportato nelle caselle 200, 202 e 204 a pagina 3 del modulo 1 della Dichiarazione d'imposta. Si tratta degli importi relativi alle assicurazioni sociali obbligatorie): AVS, AI, IPG, AD, Infortuni non professionali, LPP). Le prime, per i lavoratori dipendenti, si applicano sul salario determinante (AVS, AI, IPG: 5.3% ; AD: 1.1% ; AINP mediamente tra 1.6% e 2.2%); l'ultima, LPP o secondo pilastro, dipende da più fattori, ha un limite minimo ed uno massimo per quanto concerne la parte obbligatoria, ed è calcolata sul salario coordinato, inferiore al salario determinante di (nel 2025) CHF 26'460 (cioè i 7/8 della rendita massima semplice AVS pari a CHF 2'520 mensili).
A6: Contributi sociali (AVS) per pensionati | B6: Per i salariati in età di riferimento vale una franchigia di 16'800 franchi all’anno, sui quali non sono da pagare contributi. Solo la parte di reddito che supera la franchigia è soggetta all’obbligo contributivo (solo AVS, AI, IPG ma non AD). Se una persona lavora per più datori di lavoro, la franchigia vale per ogni rapporto di lavoro.
A7: Contributi sociali (percentuale stimata da applicare al salario determinante) | B7: Mediamente si può applicare un'aliquota tra il 12 e il 15% del salario determinante AVS
A8: Assicurazione infortuni non professionali (AINP) | B8: Per i pensionati (in effetti sarebbe: per quelli, lavoratori dipendenti, il cui orario lavorativo settimanale medio non supera 8 ore) non c'è obbligo di assicurazione contro gli infortuni non professionali. Ad ogni buon conto, qui, l'infortunio non professionale viene considerato. È comunque possibile stimare un importo mensile tra 30 e 40 franchi.
A9: Spese professionali (max 4'000 per UR) | B9: Il limite massimo annuale per UR è fissato in CHF 4'000
A10: Pensioni alimentari pagate per (per figli ed ex-coniuge) | B10: Non si hanno né danno indicazioni numeriche. Per comodità la casella rimarrà VUOTA. Se, nel caso concreto, ci fossero importi signifca che il Reddito disponibile integrato (aggiornato) sarebbe inferiore a quello indicato nella simulazione
A12: Sostanza netta | B12: È il valore (a pagina 4 del modulo 1 della Dichiarazione d'imposta) riportato al punto 34, casella 330
A13: Spese per interessi (max 3'000 per UR) | B13: 1.5% della sostanza netta. Un dato arbitrario (in effetti non c'è possibilità di riferirsi a dati concreti) che dovrebbe applicarsi ai DEBITI (soprattutto privati, legati con tutta probabilità all'immobile di proprietà). Una percentuale che, però, si avvicina ai tassi d'interesse ipotecari (ipoteca fissa tra 5 e 10 anni). Il calcolo è proporzionale all'ammontare del valore e il risultato non eccede il massimo annuo consentito di CHF 3'000 per UR
A15: Premio medio di riferimento 2024: adulto | B15: È stabilito annualmente dal Consiglio di Stato. Per il 2024 ammonta a CHF 7'072
... A23: Premio medio di riferimento 2025: minorenne (0-18 anni) | B23: Per il 2025 ammonta a CHF 1'755 (da calcolatore RIPAM in sito IAS)

Sheet DATI
A1: Contributi sociali (percentuale stimata da applicare al salario determinante) | B1: -0.13
A2: Assicurazione infortuni non professionali per pensionali: premio mensile in CHF | B2: 35
A3: Spese professionali (max 4'000 per UR) | B3: -4000
A4: Pensioni alimentari pagate per (per figli ed ex-coniuge) | B4: -
A5: Premio medio di riferimento 2024 (in CHF): adulto | B5: 7072
A6: Premio medio di riferimento 2024 (in CHF): giovane adulto (18-25 anni) | B6: 5260
A7: Premio medio di riferimento 2024 (in CHF): minorenne (0-18 anni) | B7: 1630

Sheet TASSAZIONE 2024 PERSONE SOLE
A1: Reddito imponibile | B1: Persone sole imposta x 1 anno | C1: Aumento imposte del 10% | D1: Differenza (carico fiscale supplementare) | F1: Aumento imposte del 20% | G1: Differenza (carico fiscale supplementare) | I1: Aumento imposte del 30% | J1: Differenza (carico fiscale supplementare)
A2: 12300 | B2: 19.7
A3: 13000 | B3: 56.35
A4: 14000 | B4: 108.65
A5: 15000 | B5: 160.95
A6: 16000 | B6: 213.3
A7: 17100 | B7: 270.85
A8: 18000 | B8: 324.4
A9: 19000 | B9: 383.9
A10: 20000 | B10: 443.4
A11: 20100 | B11: 449.1 | C11: =B11*1.1 -> 494.01 | D11: =C11-B11 -> 44.91 | F11: =B11*1.2 -> 538.92 | G11: =F11-B11 -> 89.82 | I11: =B11*1.3 -> 583.83 | J11: =I11-B11 -> 134.73
A12: 20500 | B12: 473.1 | C12: =B12*1.1 -> 520.41 | D12: =C12-B12 -> 47.31 | F12: =B12*1.2 -> 567.72 | G12: =F12-B12 -> 94.62 | I12: =B12*1.3 -> 615.03 | J12: =I12-B12 -> 141.93
A13: 21000 | B13: 492.7 | C13: =B13*1.1 -> 541.97 | D13: =C13-B13 -> 49.27 | F13: =B13*1.2 -> 591.24 | G13: =F13-B13 -> 98.54 | I13: =B13*1.3 -> 640.51 | J13: =I13-B13 -> 147.81
A14: 22000 | B14: 531.95 | C14: =B14*1.1 -> 585.145 | D14: =C14-B14 -> 53.195 | F14: =B14*1.2 -> 638.34 | G14: =F14-B14 -> 106.39 | I14: =B14*1.3 -> 691.535 | J14: =I14-B14 -> 159.585
A15: 23000 | B15: 571.2 | C15: =B15*1.1 -> 628.32 | D15: =C15-B15 -> 57.12 | F15: =B15*1.2 -> 685.44 | G15: =F15-B15 -> 114.24 | I15: =B15*1.3 -> 742.56 | J15: =I15-B15 -> 171.36
A16: 24400 | B16: 626.15 | C16: =B16*1.1 -> 688.765 | D16: =C16-B16 -> 62.615 | F16: =B16*1.2 -> 751.38 | G16: =F16-B16 -> 125.23 | I16: =B16*1.3 -> 813.995 | J16: =I16-B16 -> 187.845
A17: 25000 | B17: 649.7 | C17: =B17*1.1 -> 714.67 | D17: =C17-B17 -> 64.97 | F17: =B17*1.2 -> 779.64 | G17: =F17-B17 -> 129.94 | I17: =B17*1.3 -> 844.61 | J17: =I17-B17 -> 194.91
A18: 25600 | B18: 673.2 | C18: =B18*1.1 -> 740.52 | D18: =C18-B18 -> 67.32 | F18: =B18*1.2 -> 807.84 | G18: =F18-B18 -> 134.64 | I18: =B18*1.3 -> 875.16 | J18: =I18-B18 -> 201.96
A19: 26000 | B19: 703.2 | C19: =B19*1.1 -> 773.52 | D19: =C19-B19 -> 70.32 | F19: =B19*1.2 -> 843.84 | G19: =F19-B19 -> 140.64 | I19: =B19*1.3 -> 914.16 | J19: =I19-B19 -> 210.96
A20: 27700 | B20: 830.65 | C20: =B20*1.1 -> 913.715 | D20: =C20-B20 -> 83.065 | F20: =B20*1.2 -> 996.78 | G20: =F20-B20 -> 166.13 | I20: =B20*1.3 -> 1079.845 | J20: =I20-B20 -> 249.195
A21: 28000 | B21: 853.2 | C21: =B21*1.1 -> 938.52 | D21: =C21-B21 -> 85.32 | F21: =B21*1.2 -> 1023.84 | G21: =F21-B21 -> 170.64 | I21: =B21*1.3 -> 1109.16 | J21: =I21-B21 -> 255.96
A22: 29600 | B22: 973.15 | C22: =B22*1.1 -> 1070.465 | D22: =C22-B22 -> 97.315 | F22: =B22*1.2 -> 1167.78 | G22: =F22-B22 -> 194.63 | I22: =B22*1.3 -> 1265.095 | J22: =I22-B22 -> 291.945
... A123: 1000000 | B123: 138870 | C123: =B123*1.1 -> 152757 | D123: =C123-B123 -> 13887 | F123: =B123*1.2 -> 166644 | G123: =F123-B123 -> 27774 | I123: =B123*1.3 -> 180531 | J123: =I123-B123 -> 41661

Sheet TASSAZIONE 2024 CONIUGATI
A1: Reddito imponibile | B1: Coniugati imposta x 1 anno | C1: Aumento imposte del 10% | D1: Differenza (carico fiscale supplementare) | F1: Aumento imposte del 20% | G1: Differenza (carico fiscale supplementare) | I1: Aumento imposte del 30% | J1: Differenza (carico fiscale supplementare)
A2: 12300
A3: 13000
A4: 14000
A5: 15000
A6: 16000
A7: 17100
A8: 18000
A9: 19000
A10: 20000
A11: 20100 | B11: 29.05 | C11: =B11*1.1 -> 31.955 | D11: =C11-B11 -> 2.905 | F11: =B11*1.2 -> 34.86 | G11: =F11-B11 -> 5.81 | I11: =B11*1.3 -> 37.765 | J11: =I11-B11 -> 8.715
A12: 20500 | B12: 44.75 | C12: =B12*1.1 -> 49.225 | D12: =C12-B12 -> 4.475 | F12: =B12*1.2 -> 53.7 | G12: =F12-B12 -> 8.95 | I12: =B12*1.3 -> 58.175 | J12: =I12-B12 -> 13.425
A13: 21000 | B13: 64.35 | C13: =B13*1.1 -> 70.785 | D13: =C13-B13 -> 6.435 | F13: =B13*1.2 -> 77.22 | G13: =F13-B13 -> 12.87 | I13: =B13*1.3 -> 83.655 | J13: =I13-B13 -> 19.305
A14: 22000 | B14: 103.6 | C14: =B14*1.1 -> 113.96 | D14: =C14-B14 -> 10.36 | F14: =B14*1.2 -> 124.32 | G14: =F14-B14 -> 20.72 | I14: =B14*1.3 -> 134.68 | J14: =I14-B14 -> 31.08
A15: 23000 | B15: 142.85 | C15: =B15*1.1 -> 157.135 | D15: =C15-B15 -> 14.285 | F15: =B15*1.2 -> 171.42 | G15: =F15-B15 -> 28.57 | I15: =B15*1.3 -> 185.705 | J15: =I15-B15 -> 42.855
A16: 24400 | B16: 197.75 | C16: =B16*1.1 -> 217.525 | D16: =C16-B16 -> 19.775 | F16: =B16*1.2 -> 237.3 | G16: =F16-B16 -> 39.55 | I16: =B16*1.3 -> 257.075 | J16: =I16-B16 -> 59.325
A17: 25000 | B17: 223.9 | C17: =B17*1.1 -> 246.29 | D17: =C17-B17 -> 22.39 | F17: =B17*1.2 -> 268.68 | G17: =F17-B17 -> 44.78 | I17: =B17*1.3 -> 291.07 | J17: =I17-B17 -> 67.17
A18: 25600 | B18: 250.05 | C18: =B18*1.1 -> 275.055 | D18: =C18-B18 -> 25.005 | F18: =B18*1.2 -> 300.06 | G18: =F18-B18 -> 50.01 | I18: =B18*1.3 -> 325.065 | J18: =I18-B18 -> 75.015
A19: 26000 | B19: 267.5 | C19: =B19*1.1 -> 294.25 | D19: =C19-B19 -> 26.75 | F19: =B19*1.2 -> 321 | G19: =F19-B19 -> 53.5 | I19: =B19*1.3 -> 347.75 | J19: =I19-B19 -> 80.25
A20: 27700 | B20: 341.65 | C20: =B20*1.1 -> 375.815 | D20: =C20-B20 -> 34.165 | F20: =B20*1.2 -> 409.98 | G20: =F20-B20 -> 68.33 | I20: =B20*1.3 -> 444.145 | J20: =I20-B20 -> 102.495
A21: 28000 | B21: 349.5 | C21: =B21*1.1 -> 384.45 | D21: =C21-B21 -> 34.95 | F21: =B21*1.2 -> 419.4 | G21: =F21-B21 -> 69.9 | I21: =B21*1.3 -> 454.35 | J21: =I21-B21 -> 104.85
A22: 29600 | B22: 391.35 | C22: =B22*1.1 -> 430.485 | D22: =C22-B22 -> 39.135 | F22: =B22*1.2 -> 469.62 | G22: =F22-B22 -> 78.27 | I22: =B22*1.3 -> 508.755 | J22: =I22-B22 -> 117.405
... A123: 1000000 | B123: 136666 | C123: =B123*1.1 -> 150332.6 | D123: =C123-B123 -> 13666.6 | F123: =B123*1.2 -> 163999.2 | G123: =F123-B123 -> 27333.2 | I123: =B123*1.3 -> 177665.8 | J123: =I123-B123 -> 40999.8
